AoeStats
← Maximo10

Arena

508126869Analyzed
4v4 RM · 13d ago on Sep 21, 2026· 41m 38s· 8 players
Game mode
Random Map
Map size
Large (8 player)
Population
200
Speed
Normal
Resources
Standard
Victory
Conquest
Starting age
Dark Age
Ending age
Imperial Age
RankedLock teamsTeams togetherTeam positionsShared explorationLock speedFull tech treeHidden civsTurbo modeCheats
Victory
Defeat
🇸🇬 Huns · Singapore
818
+15
🇮🇳 Hindustanis · India
777
+17
🇲🇽 Britons · Mexico
772
+17
🇮🇹 Jurchens · Italy
739
+20
🇨🇱 Vietnamese · Chile
817
-18
🇧🇷 Spanish · Brazil
810
-18
🇦🇷 Persians · Argentina
793
-17
🇦🇷 Inca · Argentina
776
-16
joacoc87
11:01 Feudal Age
12:18 Wheelbarrow
11:32 Double-Bit Axe
11:29 Horse Collar
11:41 Town Watch
13:32 Gold Mining
19:36 Castle Age
17:41 Stone Mining
20:32 Hand Cart
20:20 Heavy Plow
20:33 Bow Saw
21:01 Stone Shaft Mining
21:04 Gold Shaft Mining
22:53 Fletching
23:14 Forging
23:04 Scale Mail Armor
23:05 Padded Archer Armor
36:38 Heavy Plow
| LEON | SAPULHA
0:27 Loom
12:21 Feudal Age
17:02 Castle Age
15:22 Gold Mining
15:22 Double-Bit Axe
23:08 Horse Collar
28:03 Heavy Plow
Patuqui18
10:38 Feudal Age
11:08 Double-Bit Axe
15:52 Wheelbarrow
18:07 Castle Age
18:01 Gold Mining
18:02 Stone Mining
17:55 Horse Collar
22:25 Stone Shaft Mining
22:26 Gold Shaft Mining
24:51 Pikeman
35:30 Imperial Age
33:18 Hand Cart
34:20 Ballistics
36:11 Bow Saw
37:06 Chemistry
37:31 Conscription
38:39 Halberdier
39:22 Squires
39:29 Kamandaran
40:28 Citadels
Maximo10
3:26 Loom
11:58 Feudal Age
15:50 Castle Age
14:39 Double-Bit Axe
14:43 Horse Collar
16:10 Gold Mining
18:31 Bow Saw
18:23 Town Watch
19:55 Fletching
22:30 Padded Archer Armor
26:11 Bodkin Arrow
27:06 Ballistics
26:27 Treadmill Crane
27:26 Wheelbarrow
28:26 Leather Archer Armor
28:52 Husbandry
29:15 Light Cavalry
32:24 Scale Mail Armor
32:40 Forging
32:38 Scale Barding Armor
33:10 Bloodlines
34:38 Chain Barding Armor
34:06 Elite Skirmisher
36:16 Iron Casting
La Morte Noire
11:21 Feudal Age
15:23 Castle Age
16:57 Wheelbarrow
16:16 Double-Bit Axe
16:13 Horse Collar
17:16 Bow Saw
17:31 Heavy Plow
22:39 Hand Cart
22:22 Gold Mining
23:16 Crossbowman
24:20 Ballistics
23:54 Fletching
24:05 Padded Archer Armor
25:32 Gold Shaft Mining
25:09 Bodkin Arrow
40:42 Leather Archer Armor
43:03 Imperial Age
40:33 Stone Mining
ildemo
0:31 Loom
12:08 Feudal Age
13:31 Horse Collar
13:39 Double-Bit Axe
14:35 Wheelbarrow
16:00 Gold Mining
16:01 Stone Mining
22:23 Castle Age
22:24 Bloodlines
25:50 Hand Cart
25:40 Town Watch
26:10 Bow Saw
26:03 Heavy Plow
26:42 Gold Shaft Mining
26:43 Stone Shaft Mining
39:56 Caravan
40:17 Arson
40:33 Squires
40:19 Gambesons
44:42 Imperial Age
xxbysnipxx
10:44 Feudal Age
15:10 Castle Age
13:24 Double-Bit Axe
17:19 Stone Mining
24:17 Horse Collar
30:28 Imperial Age
28:14 Husbandry
28:25 Bloodlines
28:32 Forging
31:17 Bloodlines
30:45 Heavy Camel Rider
32:15 Wheelbarrow
32:07 Scale Barding Armor
32:45 Imperial Camel Rider
34:15 Hand Cart
34:10 Heavy Plow
34:23 Bow Saw
34:11 Gold Mining
35:10 Iron Casting
34:55 Chain Barding Armor
35:11 Fervor
35:46 Theocracy
35:43 Illumination
36:18 Ballistics
36:59 Chemistry
37:08 Grand Trunk Road
39:29 Conscription
41:03 Blast Furnace
40:39 Plate Barding Armor
Soldaris
2:03 Loom
9:31 Feudal Age
10:00 Double-Bit Axe
10:08 Horse Collar
11:42 Gold Mining
12:49 Wheelbarrow
12:48 Stone Mining
21:10 Castle Age
19:28 Fletching
22:03 Bow Saw
21:55 Heavy Plow
22:33 Bodkin Arrow
23:25 Hand Cart
25:20 Forging
26:47 Scale Barding Armor
28:31 Murder Holes
33:41 Marauders
38:34 Ballistics
40:47 Imperial Age
38:04 Town Watch
38:24 Scale Mail Armor
39:47 Gold Shaft Mining
41:35 Bracer
Connection lost

Rejoining the realm…

Still unreachable

The connection could not be restored.

Session expired

The server has moved on; the page needs a fresh start.